 Dungeon Crawl Stone Soup version 0.24.0-37-gcf1ca852f1 (webtiles) character file.

Game seed: 1795842630077792930, levelgen mode: deterministic

5343 Delamore the Severer (level 10, -2/90 HPs)
             Began as a Hill Orc Fighter on Dec 7, 2019.
             Was a Follower of Okawaru.
             Slain by a cyan ugly thing (12 damage)
             ... on level 9 of the Dungeon.
             The game lasted 00:13:37 (7725 turns).

Delamore the Severer (Hill Orc Fighter)             Turns: 7725, Time: 00:13:38

Health: -2/90      AC: 14    Str: 28    XL:     10   Next: 65%
Magic:  6/10       EV:  7    Int:  8    God:    Okawaru [*.....]
Gold:   666        SH: 10    Dex: 10    Spells: 9/9 levels left

rFire    + . .     SeeInvis .   a - +1 war axe
rCold    . . .     Gourm    .   c - +0 shield
rNeg     . . .     Faith    .   b - +0 scale mail
rPois    +         Spirit   .   o - +1 helmet
rElec    .         Reflect  .   w - +1 cloak
rCorr    .         Harm     .   (no gloves)
MR       .....                  B - +0 pair of boots
Stlth    ..........             E - amulet of the acrobat
HPRegen  0.25/turn              l - ring of protection from fire
MPRegen  0.12/turn              z - ring of poison resistance

@: mighty, starving
A: no striking features
a: Heroism, Renounce Religion


You were on level 9 of the Dungeon.
You worshipped Okawaru.
Okawaru was aware of your devotion.
You were starving.

You visited 2 branches of the dungeon, and saw 10 of its levels.
You also visited: Sewer.

You collected 666 gold pieces.

Inventory:

Hand Weapons
 a - a +1 war axe (weapon)
Missiles
 n - 8 javelins (quivered)
 v - 20 poisoned darts
Armour
 b - a +0 scale mail (worn)
 c - a +0 shield (worn)
 o - a +1 helmet (worn)
 w - a +1 cloak (worn)
 B - a +0 pair of boots (worn)
Jewellery
 l - a ring of protection from fire (left hand)
 p - an uncursed ring of protection from fire
 z - a ring of poison resistance (right hand)
 E - an amulet of the acrobat (around neck)
 F - an uncursed ring of protection from cold
 H - an uncursed ring of fire
 K - an uncursed ring of protection from fire
Wands
 h - a wand of random effects (8)
 D - a wand of scattershot (5)
 J - a wand of polymorph (7)
 L - a wand of disintegration (16)
Scrolls
 i - 4 scrolls of remove curse
 k - a scroll of random uselessness
 m - 10 scrolls of teleportation
 r - a scroll of amnesia
 s - 2 scrolls of fear {unknown}
 u - 2 scrolls of immolation
 x - a scroll of holy word {unknown}
 y - 5 scrolls of identify
 A - a scroll of magic mapping
 I - a scroll of fog {unknown}
Potions
 d - a potion of might
 e - 2 potions of flight
 g - 2 potions of heal wounds
 j - a potion of agility
 q - 3 potions of invisibility
 t - 3 potions of resistance
 C - a potion of curing
 G - 2 potions of brilliance
 M - a potion of magic {unknown}
 N - 2 potions of ambrosia {unknown}
Comestibles
 f - 16 rations
 O - 3 chunks of flesh


   Skills:
 * Level 8.5 Fighting
 + Level 17.6 Axes
 * Level 7.8 Armour
 - Level 3.2 Shields


You had 9 spell levels left.
You didn't know any spells.
Your spell library contained the following spells:

 Spells                   Type           Power        Failure   Level  Hunger
 Animate Skeleton         Necr           N/A          98%         1    ##.....
 Apportation              Tloc           #.....       98%         1    ##.....
 Confusing Touch          Hex            #.....       98%         1    ##.....
 Corona                   Hex            #......      98%         1    ##.....
 Summon Small Mammal      Summ           #...         98%         1    ##.....
 Ensorcelled Hibernation  Hex/Ice        #.....       99%         2    ###....
 Confuse                  Hex            #.......     100%        3    ####...
 Dazzling Spray           Conj/Hex       #.....       100%        3    ####...
 Gell's Gravitas          Tloc           #.........   100%        3    ####...
 Tukima's Dance           Hex            #.......     100%        3    ####...
 Petrify                  Tmut/Erth      #.......     100%        4    #####..
 Metabolic Englaciation   Hex/Ice        #.........   100%        5    ######.
 Yara's Violent Unravell  Hex/Tmut       #.........   100%        5    ######.


Dungeon Overview and Level Annotations

Branches:
Dungeon (9/15)             Temple (1/1) D:4           Sewer (visited)
   Lair: D:8-11         Orc: D:9-12

Altars:
Ashenzari
Cheibriados
Dithmenos
Elyvilon
Fedhas
Gozag
Hepliaklqana
Kikubaaqudgha
Makhleb
Nemelex Xobeh
Okawaru
Qazlal
Ru
Sif Muna
Trog
Uskayaw
Vehumet
Wu Jian
Xom
Yredelemnul
Zin
The Shining One

Shops:
D:6 (   D:9 }[


Message History

You closely miss the cyan ugly thing.
You feel like a meek peon again.
The phantom blinks!
You block the cyan ugly thing's attack. You block the orc warrior's attack.
You completely miss the cyan ugly thing.
The cyan ugly thing stings you. The cyan ugly thing shocks you!
* * * LOW HITPOINT WARNING * * *
You hit the cyan ugly thing.
The cyan ugly thing is lightly wounded.
The orc warrior hits you from afar with a +0 halberd.
* * * LOW HITPOINT WARNING * * *
You block the cyan ugly thing's attack.
You feel much better. You block the orc warrior's attack.
The cyan ugly thing stings you! The cyan ugly thing shocks you!
* * * LOW HITPOINT WARNING * * *
You feel very mighty all of a sudden.
The orc warrior hits you from afar with a +0 halberd!
* * * LOW HITPOINT WARNING * * *
The cyan ugly thing stings you!
You die...

#..#..#.# .#
#.....#.# #'#
###+###.#
#.##8.8.8#.#######.
.s#.8.8.#.........
#{8.8.8+.........
#o8.8.#.########
#8†8.8#.........
###@# #.........
#.#u###.#####...
#.W##.#.........
+..)..'.########
#.##..#.........
###.#.#.........
#+###.........
#.........
#.........


You could see a cyan ugly thing, a phantom, an orc warrior and a scorpion.

Vanquished Creatures
  A two-headed ogre (D:6)
  Pikel (D:8)
  The ghost of PentaManta the Slasher, a novice FoFi (D:5)
  Grinder (D:6)
  A wyvern (D:9)
  A hungry ghost (D:9)
  Menkaure (D:7)
  Duvessa (D:4)
  An orc warrior (D:7)
  2 ice beasts (D:7)
  2 slaves (D:8)
  A sky beast (D:7)
  An eye of draining (D:9)
  2 phantoms
  A crocodile (D:9)
  5 centaurs
  2 ogres
  A big kobold (D:9)
  3 bullfrogs
  Dowan (D:4)
  5 killer bees (D:5)
  A scorpion (D:4)
  The ghost of buki the Ruffian, a weakling DrTm (D:3)
  4 howler monkeys
  A centaur zombie (D:7)
  A quasit (D:8)
  Crazy Yiuf (D:4)
  2 orc priests (D:7)
  4 hounds
  A jelly (D:4)
  A centaur skeleton (D:5)
  Terence (D:2)
  4 iguanas
  2 orc wizards
  4 worker ants
  A hound zombie (D:8)
  Robin (D:2)
  A howler monkey skeleton (D:6)
  8 adders
  3 shadow imps
  5 oozes (Sewer)
  An adder skeleton (D:4)
  An adder zombie (D:5)
  7 worms
  4 dart slugs
  A leopard gecko (D:5)
  7 orcs
  5 giant cockroaches
  8 hobgoblins
  12 jackals
  3 quokkas
  3 ball pythons
  12 bats
  12 frilled lizards
  15 goblins
  11 kobolds
  2 leopard gecko skeletons (D:4)
  A quokka zombie (D:7)
  6 rats
193 creatures vanquished.

Notes
Turn   | Place    | Note
-------+----------+-------------------------------------------
     0 | D:1      | Delamore the Hill Orc Fighter began the quest for the Orb.
     0 | D:1      | Reached XP level 1. HP: 19/19 MP: 1/1
    14 | D:1      | Reached skill level 3 in Axes
    27 | D:1      | Reached XP level 2. HP: 23/26 MP: 2/2
   117 | D:1      | Reached skill level 4 in Axes
   526 | D:1      | Reached XP level 3. HP: 28/31 MP: 3/3
   669 | D:2      | Noticed Robin
   676 | D:2      | Reached skill level 5 in Axes
   689 | D:2      | Killed Robin
   689 | D:2      | Reached XP level 4. HP: 19/39 MP: 4/4
   942 | D:2      | Reached skill level 6 in Axes
  1150 | D:2      | Noticed Terence
  1163 | D:2      | Killed Terence
  1163 | D:2      | Reached XP level 5. HP: 32/45 MP: 5/5
  1361 | D:3      | Found a blossoming altar of Fedhas.
  1441 | D:3      | Reached skill level 7 in Axes
  1731 | D:3      | Found a runed translucent door.
  1735 | D:3      | Noticed buki's ghost (weakling DrTm)
  1760 | D:3      | Reached skill level 8 in Axes
  1760 | D:3      | Reached XP level 6. HP: 24/51 MP: 6/6
  1795 | D:3      | Killed buki's ghost
  1812 | D:3      | Reached skill level 16 in Axes
  1812 | D:3      | Reached XP level 7. HP: 32/57 MP: 7/7
  2139 | D:4      | Found a staircase to the Ecumenical Temple.
  2149 | Temple   | Entered the Ecumenical Temple
  2335 | D:4      | Found a glowing drain.
  2340 | Sewer    | Entered a sewer
  3249 | D:4      | Reached skill level 17 in Axes
  3425 | D:4      | Noticed Duvessa
  3426 | D:4      | Noticed Dowan
  3437 | D:4      | Killed Duvessa
  3449 | D:4      | Killed Dowan
  3751 | D:4      | Found a runed translucent door.
  3752 | D:4      | Noticed Crazy Yiuf
  3921 | D:4      | Killed Crazy Yiuf
  3921 | D:4      | Reached XP level 8. HP: 43/66 MP: 8/8
  4363 | D:5      | Entered Level 5 of the Dungeon
  4477 | D:5      | Found a transporter.
  4479 | D:5      | Found a transporter.
  4480 | D:5      | Noticed PentaManta's ghost (novice FoFi)
  5000 | D:5      | Killed PentaManta's ghost
  5000 | D:5      | Reached skill level 5 in Fighting
  5000 | D:5      | Reached XP level 9. HP: 34/74 MP: 9/9
  5043 | D:5      | Reached skill level 5 in Armour
  5404 | D:6      | Found Ipuereci's Antique Weapon Emporium.
  5471 | D:6      | Noticed Grinder
  5476 | D:6      | Paralysed by Grinder for 4 turns
  5490 | D:6      | Killed Grinder
  5500 | D:6      | Noticed a two-headed ogre
  5507 | D:6      | Killed a two-headed ogre
  6104 | D:7      | Noticed Menkaure
  6149 | D:7      | Killed Menkaure
  6149 | D:7      | Reached XP level 10. HP: 55/86 MP: 10/10
  6444 | D:7      | Found an iron altar of Okawaru.
  6455 | D:7      | Became a worshipper of Warmaster Okawaru
  6992 | D:8      | Noticed Pikel
  7021 | D:8      | Killed Pikel
  7021 | D:8      | Reached * piety under Okawaru
  7392 | D:9      | Found Iteicriof's Gadget Boutique.
  7459 | D:9      | Found Tousuor's Antique Armour Shoppe.
  7711 | D:9      | Noticed a cyan ugly thing
  7725 | D:9      | Slain by a cyan ugly thing

Levels and vault maps discovered:
D:1:      dpeg_arrival_rooms_with_view, layout_basic, grunt_decor_cap,
          lemuel_another_geyser
D:2:      layout_basic, st_stairs_13, uniq_robin, uniq_terence
D:3:      layout_loops_ring, overflow_temple_1_default, ebering_ghost_sewer_d,
          first_ration
D:4:      layout_loops_ring, minmay_temple_entry_large_hall,
          portal_sewer_entry_e, uniq_duvessa, uniq_crazy_yiuf_cottage
D:5:      layout_cave_pools, gammafunk_ghost_hive, minmay_lizard_king
D:6:      layout_rooms, serial_shops, shop_statue, uniq_grinder
D:7:      layout_basic, nicolae_overflow_crystal_walls, minmay_holes,
          uniq_menkaure
D:8:      layout_basic, uniq_pikel
D:9:      minmay_the_grid_square_5x5_4x4 [minmay_the_grid_square_5x5_minimal,
          minmay_the_grid_square_5x5_gyroscope,
          minmay_the_grid_square_5x5_minibox,
          minmay_the_grid_square_5x5_tri_point,
          minmay_the_grid_square_5x5_inner_z,
          minmay_the_grid_square_5x5_prize_deathbox,
          minmay_the_grid_square_5x5_prize_open,
          minmay_the_grid_square_5x5_beaten_path,
          minmay_the_grid_square_5x5_three,
          minmay_the_grid_square_5x5_prize_waves,
          minmay_the_grid_square_5x5_prize_snowflake,
          minmay_the_grid_square_5x5_checkered_statues,
          minmay_the_grid_square_5x5_plus, minmay_the_grid_square_5x5_bridge,
          minmay_the_grid_square_5x5_doubleslash,
          minmay_the_grid_square_5x5_three_walls], layout_stronghold,
          serial_shops, nicolae_shop_stone, shop, shop
Temple:   regret_index_temple_chain_breaker

Skill      XL: |  1  2  3  4  5  6  7  8  9 10 |
---------------+-------------------------------+-----
Axes           | 3 4 5 6 8 16 17 | 17.6
Fighting       | 4 5 7 8 |  8.5
Armour         | 4 6 7 |  7.8
Shields        | |  3.2

Action                   |  1- 3 |  4- 6 |  7- 9 | 10-12 || total
-------------------------+-------+-------+-------+-------++-------
Melee: War axe           |    95 |   147 |   305 |   157 ||   704
Throw: Javelin           |       |       |     3 |       ||     3
Invok: Heroism           |       |       |       |     1 ||     1
  Use: Scroll            |       |     6 |    10 |       ||    16
       Potion            |       |     1 |     5 |     2 ||     8
  Eat: Chunk             |       |     3 |    15 |     5 ||    23
Armor: Scale mail        |    33 |    55 |   107 |    53 ||   248
Dodge: Dodged            |    31 |    39 |    53 |    45 ||   168
Block: Shield            |    55 |    69 |    94 |    51 ||   269
